 Dungeon Crawl Stone Soup version 0.25-a0-701-gb30f108 (webtiles) character file.

Game seed: 11267812073493959735, levelgen mode: deterministic

14098 MrTaco21 the Peltast (level 12, -6/68 HPs)
             Began as a Gargoyle Fighter on Apr 3, 2020.
             Was an Elder of Qazlal.
             Mangled by Rupert
             ... wielding a +2 battleaxe of electrocution
              (15 damage)
             ... on level 12 of the Dungeon.
             The game lasted 00:27:16 (12943 turns).

MrTaco21 the Peltast (Gargoyle Fighter)            Turns: 12943, Time: 00:27:17

Health: -6/68      AC: 25    Str: 24    XL:     12   Next: 12%
Magic:  12/12      EV:  7    Int: 10    God:    Qazlal [****..]
Gold:   232        SH: 24    Dex:  4    Spells: 11/11 levels left

rFire    . . .     SeeInvis .   z - +2 whip (elec)
rCold    + + +     Gourm    .   j - +6 kite shield "Xurchym" {rPois rC+ rN++ Dex-5}
rNeg     + + +     Faith    .   F - +0 plate armour
rPois    ∞         Spirit   .   P - +1 helmet
rElec    +         Reflect  .   x - +0 cloak {rPois}
rCorr    .         Harm     .   E - +0 pair of gloves
MR       .....                  (no boots)
Stlth    ..........             (no amulet)
HPRegen  0.21/turn              o - ring of protection from cold
MPRegen  0.13/turn              k - ring of protection from cold

@: repel missiles
A: negative energy resistance 1, electricity resistance, unbreathing,
petrification resistance, rot immunity, AC +8
a: Upheaval, Elemental Force, Renounce Religion


You were on level 12 of the Dungeon.
You worshipped Qazlal.
Qazlal was greatly pleased with you.
You were not hungry.

You visited 2 branches of the dungeon, and saw 13 of its levels.

You collected 602 gold pieces.
You spent 370 gold pieces at shops.

Inventory:

Hand Weapons
 z - a +2 whip of electrocution (weapon)
   (You took it off an orc on level 6 of the Dungeon)
 B - a +1 morningstar of protection
   (You took it off an orc on level 6 of the Dungeon)
Missiles
 M - 27 poisoned darts (quivered)
Armour
 j - the +6 kite shield "Xurchym" (worn) {rPois rC+ rN++ Dex-5}
   (You bought it in a shop on level 11 of the Dungeon)

   It affects your dexterity (-5).
   It protects you from cold.
   It protects you from poison.
   It greatly protects you from negative energy.
 x - a +0 cloak of poison resistance (worn)
   (You took it off Crazy Yiuf on level 5 of the Dungeon)
 E - a +0 pair of gloves (worn)
   (You found it on level 7 of the Dungeon)
 F - a +0 plate armour (worn)
   (You took it off an orc warrior on level 7 of the Dungeon)
 P - a +1 helmet (worn)
   (You found it on level 10 of the Dungeon)
Jewellery
 k - a ring of protection from cold (right hand)
   (You found it on level 1 of the Dungeon)
 o - a ring of protection from cold (left hand)
   (You found it on level 1 of the Dungeon)
Wands
 c - a wand of disintegration (18)
   (You found it on level 3 of the Dungeon)
 d - a wand of iceblast (11)
   (You found it on level 6 of the Dungeon)
 t - a wand of flame (27)
   (You found it on level 9 of the Dungeon)
 u - a wand of paralysis (5)
   (You found it on level 9 of the Dungeon)
 Q - a wand of clouds (1)
   (You found it on level 11 of the Dungeon)
Scrolls
 a - 2 scrolls of blinking {unknown}
 f - 3 scrolls of enchant weapon
 g - 6 scrolls of teleportation {@r4}
 i - 3 scrolls of amnesia
 m - 4 scrolls of magic mapping
 q - 8 scrolls of remove curse {@r2}
 v - a scroll of immolation {unknown}
 A - a scroll of acquirement {unknown}
 G - a scroll of silence
 J - 3 scrolls of enchant armour
 K - 2 scrolls of fog
 L - a scroll of random uselessness {unknown}
 N - 3 scrolls of identify {@r1}
 O - a scroll of noise {unknown}
Potions
 b - a potion of haste {unknown}
 h - 2 potions of degeneration {!q}
 n - 5 potions of curing {@q1}
 p - a potion of brilliance {unknown}
 r - a potion of mutation {unknown}
 w - 5 potions of lignification {!q}
 y - 2 potions of might
 C - a potion of heal wounds {unknown}
 D - a potion of invisibility {unknown}
 H - a potion of berserk rage {unknown}
 I - a potion of resistance {unknown}
Miscellaneous
 l - a box of beasts
Comestibles
 e - 14 rations {!d}


   Skills:
 + Level 5.2 Fighting
 - Level 12.0 Maces & Flails
 + Level 5.2 Armour
 - Level 15.0 Shields


You had 11 spell levels left.
You didn't know any spells.
Your spell library contained the following spells:

 Spells                   Type           Power        Failure   Level  Hunger
 Animate Skeleton         Necr           N/A          99%         1    ##.....
 Apportation              Tloc           #.....       99%         1    ##.....
 Corona                   Hex            #......      99%         1    ##.....
 Pain                     Necr           #...         99%         1    ##.....
 Summon Small Mammal      Summ           #...         99%         1    ##.....
 Poisonous Vapours        Pois/Air       #.....       100%        2    ###....
 Conjure Flame            Conj/Fire      #.......     100%        3    ####...
 Ignite Poison            Fire/Tmut/Pois #.......     100%        3    ####...
 Mephitic Cloud           Conj/Pois/Air  #.......     100%        3    ####...
 Vampiric Draining        Necr           #.........   100%        3    ####...
 Animate Dead             Necr           N/A          100%        4    #####..
 Petrify                  Tmut/Erth      #.......     100%        4    #####..
 Agony                    Necr           #.......     100%        5    ######.
 Alistair's Intoxication  Tmut/Pois      #.......     100%        5    ######.
 Irradiate                Conj/Tmut      #.........   100%        5    ######.
 Eringya's Noxious Bog    Tmut/Pois      #.........   100%        6    #######
 Freezing Cloud           Conj/Ice/Air   #.........   100%        6    #######
 Ring of Flames           Chrm/Fire      #.........   100%        7    #######
 Sublimation of Blood     Necr           Unusable     N/A         2    N/A

Dungeon Overview and Level Annotations

Branches:
Dungeon (12/15)            Temple (1/1) D:5            Lair (0/6) D:8
    Orc (0/2) D:10

Altars:
Ashenzari
Cheibriados
Dithmenos
Elyvilon
Fedhas
Gozag
Hepliaklqana
Kikubaaqudgha
Makhleb
Nemelex Xobeh
Okawaru
Qazlal
Ru
Sif Muna
Trog
Uskayaw
Vehumet
Wu Jian
Xom
Yredelemnul
Zin
The Shining One
Lugonu

Shops:
D:11 [[   D:12 *

Annotations:
D:3 exclusion: oklob plant
D:6 3 runed translucent doors, NeededCrab's ghost, novice DDFi
D:12 2 runed translucent doors, Rupert


Innate Abilities, Weirdness & Mutations

You are resistant to torment.
Your stone body is resilient. (AC +8)
You are immune to poison.
You resist negative energy. (rN+)
You are resistant to electric shocks. (rElec)
You can survive without breathing.
You are immune to petrification.
You are immune to rotting.


Message History

Rupert hits you but does no damage.
You hear an angry growl.
You hit Rupert but do no damage. Lightning courses through Rupert!!
You hit Rupert. You block Rupert's attack.
You closely miss Rupert. You hit Rupert.
You hear a bellow!
You block Rupert's attack.
You hear an angry growl.
You hit Rupert but do no damage. Lightning courses through Rupert!
You barely miss Rupert. You block Rupert's attack.
You hit Rupert but do no damage. You block Rupert's attack.
You whack Rupert! You hit Rupert. Lightning courses through Rupert!
You hear a bellow!
Rupert hits you but does no damage.
You hear a bellow! x2
You barely miss Rupert.
Your plate armour prevents you from hitting Rupert.
You hear a bellow!
Rupert hits you with a +2 battleaxe of electrocution.
You whack Rupert! You closely miss Rupert. You block Rupert's attack.
You hit Rupert but do no damage. You hit Rupert but do no damage.
You block Rupert's attack.
You hit Rupert. You block Rupert's attack.
You barely miss Rupert. You barely miss Rupert.
Rupert hits you but does no damage.
You hit Rupert but do no damage. Lightning courses through Rupert!
You hit Rupert but do no damage. Lightning courses through Rupert!
Rupert hits you with a +2 battleaxe of electrocution.
You hit Rupert. You block Rupert's attack.
You hit Rupert but do no damage. Lightning courses through Rupert!
You hit Rupert but do no damage. You block Rupert's attack.
You closely miss Rupert. You whack Rupert! Lightning courses through Rupert!
Rupert hits you with a +2 battleaxe of electrocution!!
You hit Rupert but do no damage. You hit Rupert.
Rupert hits you with a +2 battleaxe of electrocution!!
* * * LOW HITPOINT WARNING * * *
You are too injured to fight recklessly!
Okay, then.
Here: Rupert, wielding a +2 battleaxe of electrocution and wearing a +2 ring mail of poison resistance (almost dead, berserk, fast, unusually strong)
The floor, spattered with blood.
You closely miss Rupert. You block Rupert's attack.
You hit Rupert. You closely miss Rupert.
Rupert hits you with a +2 battleaxe of electrocution!
You die...

#.....^...# ###.......#
######.#####.# #####......#
#.# ...........# #..
####...##.# #.##
####°○.##.#####.#
#....@.##.....###
#.##§@###.##### # #.##..#
#.#### .@. ..
##...§.###.##.###..... ..#
............#)#YYhY@.∩. ##.#
#######.###..####h#Y... ....
#.# #### # . ..# ####.#
######### ##.#
##.##.###.##....##
.#.#########...#.##.D.<...<.#


You could see Rupert (berserk).

Vanquished Creatures
  Harold (D:9)
  A two-headed ogre (D:12)
  An unseen horror (D:12)
  Pikel (D:8)
  2 cyclopes
  A deep elf mage (D:12)
  4 ugly things
  Maurice (D:8)
  Psyche (D:7)
  Joseph (D:9)
  A freezing wraith (D:12)
  A troll (D:11)
  2 hippogriffs
  A spriggan (D:12)
  A vampire (D:12)
  2 wraiths
  2 wyverns
  A basilisk (D:11)
  A water moccasin (D:9)
  5 ice beasts
  2 black bears
  A sky beast (D:2)
  An eye of draining (D:11)
  3 phantoms
  7 orc warriors
  3 necrophages
  2 slaves
  7 ogres
  7 centaurs
  A crocodile (D:12)
  2 big kobolds
  9 bullfrogs
  A water moccasin zombie (D:7)
  3 scorpions
  11 killer bees (D:8)
  3 howler monkeys
  5 crimson imps
  A bullfrog zombie (D:12)
  7 hounds
  2 jellies
  7 orc priests
  Crazy Yiuf (D:5)
  2 bullfrog skeletons
  Jessica (D:2)
  2 centaur skeletons
  3 iguanas
  5 orc wizards
  4 worker ants
  A killer bee zombie (D:9)
  2 hound zombies
  2 hound skeletons
  3 gnolls (D:5)
  8 adders
  A shadow imp (D:9)
  An ooze (D:5)
  2 adder zombies
  An adder skeleton (D:4)
  2 worms
  2 dart slugs
  7 leopard geckos
  30 orcs
  5 giant cockroaches
  6 goblins
  8 hobgoblins
  9 jackals
  4 quokkas
  A ball python (D:3)
  6 bats
  A frilled lizard (D:1)
  A giant cockroach zombie (D:5)
  13 kobolds
  2 quokka skeletons
  7 rats
  2 demonic plants (Temple)
  A fungus (D:5)
262 creatures vanquished.

Vanquished Creatures (others)
  2 orc wizards (D:11)
  A hound (D:8)
  An adder skeleton (D:8)
  An orc (D:8)
5 creatures vanquished.

Grand Total: 267 creatures vanquished

Notes
Turn   | Place    | Note
-------+----------+-------------------------------------------
     0 | D:1      | MrTaco21 the Gargoyle Fighter began the quest for the Orb.
     0 | D:1      | Reached XP level 1. HP: 14/14 MP: 1/1
    34 | D:1      | Reached XP level 2. HP: 11/19 MP: 2/2
   437 | D:1      | Reached XP level 3. HP: 23/23 MP: 3/3
   838 | D:2      | Noticed Jessica
   849 | D:2      | Killed Jessica
   849 | D:2      | Reached XP level 4. HP: 25/28 MP: 4/4
   958 | D:2      | Noticed a sky beast
   977 | D:2      | Killed a sky beast
   977 | D:2      | Reached skill level 5 in Maces & Flails
   977 | D:2      | Reached XP level 5. HP: 18/32 MP: 5/5
  1154 | D:2      | Found an ancient bone altar of Kikubaaqudgha.
  1229 | D:2      | You fall into a shaft and drop 1 floor!
  1380 | D:3      | Found a bloodstained altar of Trog.
  1382 | D:3      | Found a snail-covered altar of Cheibriados.
  1385 | D:3      | Found a glowing silver altar of Zin.
  1612 | D:3      | Found a blossoming altar of Fedhas.
  1625 | D:3      | Noticed an oklob plant
  2521 | D:3      | Reached XP level 6. HP: 16/37 MP: 6/6
  2895 | D:4      | Found a sacrificial altar of Ru.
  2901 | D:4      | Found an iron altar of Okawaru.
  2908 | D:4      | Found a shimmering blue altar of Sif Muna.
  2915 | D:4      | Found an ornate altar of the Wu Jian Council.
  2922 | D:4      | Found a sparkling altar of Nemelex Xobeh.
  2929 | D:4      | Found a white marble altar of Elyvilon.
  2934 | D:4      | Found a burning altar of Makhleb.
  3192 | D:4      | Found a hazy altar of Hepliaklqana.
  3212 | D:4      | Found a radiant altar of Vehumet.
  3217 | D:4      | Found a shimmering altar of Xom.
  3240 | D:5      | Entered Level 5 of the Dungeon
  3311 | D:5      | Reached XP level 7. HP: 40/41 MP: 7/7
  3511 | D:5      | Found a staircase to the Ecumenical Temple.
  3530 | Temple   | Entered the Ecumenical Temple
  3647 | Temple   | Became a worshipper of Qazlal Stormbringer
  3909 | D:4      | HP: 2/41 [acid (6)]
  4825 | D:5      | Found a runed translucent door.
  4826 | D:5      | Noticed Crazy Yiuf
  4842 | D:5      | Killed Crazy Yiuf
  5066 | D:6      | Reached XP level 8. HP: 41/46 MP: 8/8
  5102 | D:6      | Noticed NeededCrab's ghost (novice DDFi)
  5149 | D:6      | Found a runed translucent gate.
  5149 | D:6      | Found a runed translucent gate.
  5149 | D:6      | Found a runed translucent gate.
  5269 | D:6      | Reached skill level 10 in Maces & Flails
  5286 | D:6      | Reached * piety under Qazlal
  6117 | D:7      | Reached XP level 9. HP: 48/51 MP: 9/9
  6412 | D:8      | Found a staircase to the Lair.
  6446 | D:8      | Noticed Maurice
  6468 | D:8      | Noticed Pikel
  6470 | D:8      | Noticed Psyche
  6911 | D:7      | Killed Psyche
  6911 | D:7      | Reached skill level 5 in Shields
  6972 | D:8      | Reached skill level 6 in Shields
  7093 | D:8      | Found a hazy altar of Hepliaklqana.
  7586 | D:8      | Reached skill level 7 in Shields
  7599 | D:8      | Reached ** piety under Qazlal
  7939 | D:8      | Killed Pikel
  7939 | D:8      | Reached skill level 8 in Shields
  7939 | D:8      | Reached XP level 10. HP: 56/56 MP: 10/10
  8174 | D:9      | Noticed Joseph
  8586 | D:8      | Killed Maurice
  8586 | D:8      | Reached skill level 9 in Shields
  8817 | D:9      | Noticed Harold
  8890 | D:8      | Reached skill level 10 in Shields
  8977 | D:9      | Killed Harold
  8995 | D:9      | Reached skill level 11 in Shields
  9011 | D:9      | Killed Joseph
  9506 | D:10     | Entered Level 10 of the Dungeon
  9813 | D:10     | You fall into a shaft and drop 2 floors!
  9843 | D:12     | Noticed a cyclops
  9882 | D:12     | Reached skill level 12 in Shields
  9889 | D:12     | Noticed a two-headed ogre
  9915 | D:12     | Found a frozen archway.
  9916 | D:12     | Noticed an ice dragon
  9916 | D:12     | Noticed Rupert
  9921 | D:12     | Killed a two-headed ogre
  9921 | D:12     | Reached XP level 11. HP: 39/60 MP: 11/11
  9926 | D:12     | Reached *** piety under Qazlal
  9927 | D:12     | Noticed a brown ugly thing
  9944 | D:12     | Killed a brown ugly thing
  9963 | D:12     | Found Zaojute's Elemental Accessories.
 10030 | D:12     | Reached skill level 13 in Shields
 10389 | D:12     | Killed an unseen horror
 10462 | D:11     | Noticed a red ugly thing
 10473 | D:11     | Killed a red ugly thing
 10755 | D:10     | Found a staircase to the Orcish Mines.
 11448 | D:11     | Found Medwuo's Antique Armour Emporium.
 11514 | D:11     | Reached skill level 14 in Shields
 11520 | D:11     | Bought an ichor-stained kite shield for 370 gold pieces
 11520 | D:11     | Identified the +6 kite shield "Xurchym" {rPois rC+ rN++
                  | Dex-5} (You bought it in a shop on level 11 of the Dungeon)
 11762 | D:11     | Noticed a cyclops
 11775 | D:11     | Killed a cyclops
 11922 | D:11     | Found Bubbel's Antique Armour Boutique.
 11925 | D:11     | Noticed a brown ugly thing
 11959 | D:11     | Killed a brown ugly thing
 12066 | D:11     | Reached **** piety under Qazlal
 12281 | D:12     | Noticed an eight-headed hydra
 12374 | D:12     | Reached skill level 15 in Shields
 12470 | D:12     | Noticed a deep elf mage
 12476 | D:12     | Killed a deep elf mage
 12476 | D:12     | Reached XP level 12. HP: 54/66 MP: 12/12
 12549 | D:12     | Found a large runed translucent door.
 12550 | D:12     | Found a large runed translucent door.
 12550 | D:12     | Noticed a storm dragon
 12555 | D:12     | Noticed a sphinx
 12691 | D:12     | Reached skill level 5 in Fighting
 12691 | D:12     | Reached skill level 5 in Armour
 12943 | D:12     | Mangled by Rupert

Levels and vault maps discovered:
D:1:      lordsloth_arrival_two_stooges, layout_basic
D:2:      layout_basic, nicolae_overflow_crystal_walls, uniq_jessica
D:3:      layout_basic, grunt_temple_overflow_open, tgw_fedhas
D:4:      layout_rooms, minitemple, grunt_temple_overflow_octagram
D:5:      layout_basic, minmay_temple_entry_drinking_statues, first_ration,
          uniq_crazy_yiuf_cottage
D:6:      layout_rooms, gammafunk_ghost_split
D:7:      layout_cave_pools
D:8:      layout_basic, lair_entry_dummy, basic_altar, uniq_maurice, uniq_pikel,
          uniq_psyche
D:9:      layout_rooms, enter_bailey_3, uniq_joseph, uniq_harold
D:10:     layout_small_grid, david_orc_2
D:11:     layout_loops_ring, serial_shops, shop_statue, shop
D:12:     layout_loops_corners, portal_ice_cave_entry_animals_and_master,
          the_bakery, nicolae_elemental_shop, jmf_multi_god_temple2, uniq_rupert
Temple:   corrupted_temple

Skill      XL: |  1  2  3  4  5  6  7  8  9 10 11 12 |
---------------+-------------------------------------+-----
Maces & Flails | 3 4 5 6 7 9 11 12 | 12.0
Shields        | 8 12 15 | 15.0
Fighting       | 4 5 |  5.2
Armour         | 4 5 |  5.2

Action                   |  1- 3 |  4- 6 |  7- 9 | 10-12 || total
-------------------------+-------+-------+-------+-------++-------
Melee: Flail             |   103 |   197 |   233 |       ||   533
       Whip              |       |       |   276 |   663 ||   939
       Morningstar       |       |       |    21 |       ||    21
  Use: Scroll            |       |       |     3 |    12 ||    15
       Potion            |       |       |       |     5 ||     5
  Eat: Chunk             |       |     8 |    12 |    13 ||    33
       Ration            |       |       |     1 |     1 ||     2
Armor: Scale mail        |    81 |    80 |       |       ||   161
       Chain mail        |       |    56 |   243 |     3 ||   302
       Plate armour      |       |       |       |   252 ||   252
Dodge: Dodged            |    45 |    47 |    75 |    67 ||   234
Block: Kite shield       |    84 |    97 |   224 |   438 ||   843

Table legend:
 A = Non-vault XP
 B = Vault XP
 C = Vault XP percentage of total XP
 D = Non-vault monster count
 E = Vault monster count
 F = Vault count percentage of total count
                 A         B        C        D         E       F
            +---------+---------+-------+---------+---------+-------
      Total |   15481 |    4660 |  23.1 |     237 |      22 |   8.5
            +---------+---------+-------+---------+---------+-------
        D:1 |      36 |       0 |   0.0 |      21 |       0 |   0.0
        D:2 |     187 |      37 |  16.5 |      17 |       1 |   5.6
        D:3 |     123 |       0 |   0.0 |      12 |       0 |   0.0
        D:4 |     204 |       0 |   0.0 |      16 |       0 |   0.0
        D:5 |     469 |      41 |   8.0 |      18 |       1 |   5.3
        D:6 |     834 |       0 |   0.0 |      19 |       0 |   0.0
        D:7 |    1250 |     448 |  26.4 |      20 |       1 |   4.8
        D:8 |    1747 |    1084 |  38.3 |      35 |       5 |  12.5
        D:9 |    1065 |    1437 |  57.4 |      19 |       3 |  13.6
       D:10 |     822 |     148 |  15.3 |      11 |       6 |  35.3
       D:11 |    4171 |       0 |   0.0 |      34 |       0 |   0.0
       D:12 |    4573 |    1465 |  24.3 |      15 |       5 |  25.0
            +---------+---------+-------+---------+---------+-------
